 Dungeon Crawl Stone Soup version 0.31-a0-233-g139696dc86 (webtiles) character file.

Game seed: 5465952232832806532

89 qw the Shooter (level 4, -6/36 HPs)
             Began as a Minotaur Hexslinger on July 7, 2023.
             Mangled by an orc
             ... wielding a +0 trident
              (8 damage)
             ... on level 3 of the Dungeon.
             The game lasted 00:00:39 (1774 turns).

qw the Shooter (Minotaur Hexslinger)                Turns: 1774, Time: 00:00:40

Health: -6/36      AC:  3    Str: 13    XL:     4   Next: 31%
Magic:  4/4        EV: 12    Int: 10    God:
Gold:   126        SH:  0    Dex: 14    Spells: 4/5 levels left

rFire   . . .        Y - +1 sling
rCold   . . .        (no shield)
rNeg    . . .        c - +0 robe
rPois   .            (helmet restricted)
rElec   .            (no cloak)
rCorr   .            d - +0 pair of gloves
SInv    .            (no boots)
Will    .....        (no amulet)
Stlth   +            (no ring)
HPRegen 0.26/turn    (no ring)
MPRegen 0.09/turn

%: no passive effects
@: confused
A: horns 2, retaliatory headbutt
a: no special abilities


You were on level 3 of the Dungeon.
You visited 1 branch of the dungeon, and saw 3 of its levels.

You collected 126 gold pieces.


Innate Abilities, Weirdness & Mutations

You have a pair of horns on your head.
You reflexively headbutt those who attack you in melee.


   Skills:
 - Level 2.0 Fighting
 + Level 4.8 Ranged Weapons
 - Level 2.1 Dodging
 - Level 1.0 Spellcasting
 - Level 2.0 Hexes


You had 4 spell levels left.
You knew the following spells:

 Your Spells              Type           Power      Damage    Failure   Level
a - Slow                  Hex            16%        N/A       16%         1

Your spell library contained the following spells:

 Spells                   Type           Power      Damage    Failure   Level
 Inner Flame              Hex/Fire       2%         N/A       56%         3
 Portal Projectile        Hex/Tloc       4%         N/A       56%         3
 Cause Fear               Hex            2%         N/A       83%         4

Inventory:

Hand Weapons
 Y - a +1 sling (weapon)
Armour
 a - a scarf of shadows
 c - a +0 robe (worn)
 d - a +0 pair of gloves (worn)
Jewellery
 e - a ring of ice
Scrolls
 g - a scroll of identify {unknown}
Potions
 b - a potion of attraction {unknown}
 f - a potion of resistance {unknown}
 i - a potion of mutation {unknown}

Dungeon Overview and Level Annotations

Branches:
Dungeon (3/15)

Altars:

Shops:
D:1 !


Message History

The orc wizard is moderately wounded.
The rat misses you.
The orc wizard hits you with a +0 dagger.
The orc barely misses you.
You shoot a sling bullet. The sling bullet hits the orc wizard.
The orc wizard is heavily wounded.
The orc wizard hits you with a +0 dagger.
The rat misses you. You furiously retaliate!
You headbutt the rat.
You kill the rat!
The hobgoblin hits you.
An orc comes into view. It is wielding a +0 trident.
The orc hits you from afar with a +0 trident.
You shoot a sling bullet. The orc shouts!
The sling bullet hits the orc wizard.
The orc wizard is severely wounded.
The orc wizard hits you with a +0 dagger.
The orc hits you from afar with a +0 trident.
A ball python comes into view.
The hobgoblin closely misses you.
You shoot a sling bullet. The ball python hisses angrily.
The sling bullet hits the orc wizard.
The orc wizard is almost dead.
The orc wizard casts a spell at you.
You are confused.
The hobgoblin closely misses you. The orc closely misses you.
The orc wizard gestures wildly while chanting.
The orc wizard flickers and vanishes!
Deactivating autopickup; reactivate with Ctrl-A.
The orc wizard completely misses you. The hobgoblin closely misses you.
The orc closely misses you.
You hear a shout!
The orc wizard casts a spell at you. The puff of flame hits you!
An orc comes into view. It is wielding a +0 hand axe.
The hobgoblin closely misses you. The orc misses you.
The orc wizard closely misses you. The hobgoblin hits you.
The orc hits you from afar with a +0 trident!
You die...

#........###.##.#.......
#...........%##.#......<
#........######.#.......
#......########.#.......
.......##.......#......
...................#
...................#
...................#
................@..#
...............g%o.#
...............oo..#
.....).........S...#
..... ...........# .....
..........# .....
......o...# .....
.)........# .....


You could see an orc wizard, 3 orcs, a hobgoblin and a ball python.

Vanquished Creatures
  3 adders
  A worm (D:2)
  A dart slug (D:2)
  4 ball pythons
  7 endoplasms
  3 hobgoblins (D:1)
  7 jackals
  A quokka (D:1)
  4 bats
  8 frilled lizards
  6 goblins
  5 kobolds
  5 rats
55 creatures vanquished.

Notes
Turn   | Place    | Note
-------+----------+-------------------------------------------
     0 | D:1      | qw the Minotaur Hexslinger began the quest for the Orb.
     0 | D:1      | Reached XP level 1. HP: 16/16 MP: 1/1
     0 | D:1      | 0 ||| qw: Version: 0.3-a-46-gb1f654a
     0 | D:1      | 0 ||| qw: Game counter: 3001
     0 | D:1      | 0 ||| qw: Melee chars always use a shield: true
     0 | D:1      | 0 ||| qw: God list: Okawaru
     0 | D:1      | 0 ||| qw: Allow faded altars: false
     0 | D:1      | 0 ||| qw: Do Orc after clearing Dungeon:15 true
     0 | D:1      | 0 ||| qw: Do second Lair branch before Depths: true
     0 | D:1      | 0 ||| qw: Lair rune preference: random
     0 | D:1      | 0 ||| qw: Goals: Normal
     0 | D:1      | 0 ||| PLANNING D:1-11
   107 | D:1      | 107 ||| FLEEEEING.
   108 | D:1      | 108 ||| FLEEEEING.
   109 | D:1      | 109 ||| FLEEEEING.
   110 | D:1      | 110 ||| FLEEEEING.
   111 | D:1      | 111 ||| FLEEEEING.
   112 | D:1      | 112 ||| FLEEEEING.
   113 | D:1      | 113 ||| FLEEEEING.
   114 | D:1      | 114 ||| FLEEEEING.
   115 | D:1      | 115 ||| FLEEEEING.
   116 | D:1      | 116 ||| FLEEEEING.
   117 | D:1      | 117 ||| FLEEEEING.
   118 | D:1      | 118 ||| FLEEEEING.
   119 | D:1      | 119 ||| FLEEEEING.
   120 | D:1      | 120 ||| FLEEEEING.
   121 | D:1      | 121 ||| FLEEEEING.
   122 | D:1      | 122 ||| FLEEEEING.
   123 | D:1      | 123 ||| FLEEEEING.
   124 | D:1      | 124 ||| FLEEEEING.
   228 | D:1      | Reached skill level 3 in Ranged Weapons
   228 | D:1      | Reached XP level 2. HP: 23/23 MP: 2/2
   496 | D:1      | Found Fouconk's Distillery.
   505 | D:1      | 505 ||| SHOPLISTING potion of curing (39 gold, have 29).
   505 | D:1      | 505 ||| SHOPLISTING potion of haste (130 gold, have 29).
   653 | D:1      | Reached XP level 3. HP: 29/29 MP: 3/3
   873 | D:1      | 873 ||| UPGRADING to +0 pair of gloves.
   878 | D:1      | 878 ||| DROPPING scroll of poison.
   913 | D:2      | 913 ||| STAIRDANCE
  1043 | D:2      | Reached skill level 4 in Ranged Weapons
  1133 | D:2      | 1133 ||| FLEEEEING.
  1134 | D:2      | 1134 ||| FLEEEEING.
  1136 | D:2      | 1136 ||| FLEEEEING.
  1137 | D:2      | 1137 ||| FLEEEEING.
  1138 | D:2      | 1138 ||| FLEEEEING.
  1265 | D:2      | Reached XP level 4. HP: 36/36 MP: 4/4
  1412 | D:2      | Found a faded altar of an unknown god.
  1530 | D:2      | 1530 ||| READING scroll labelled KOTHUEK ZAACWI.
  1531 | D:2      | 1531 ||| READING scroll labelled SISEXT QAON.
  1773 | D:3      | HP: 4/36 [orc wizard/puff of flame (9)]
  1774 | D:3      | Mangled by an orc

Levels and vault maps discovered:
D:1:      wander_arrival_peaceful_grave, layout_loops_corners, serial_shops,
          shop
D:2:      layout_rooms, hellmonk_ecumenical_altar_zigzags, dk_vineyard_1,
          hangedman_decor_clover_reticule, minmay_fountain_box,
          minmay_lizard_king
D:3:      layout_basic, doesnt_xom_only_xom, mainiacjoe_overflow_chevrons,
          serial_bayou_crossing

Skill      XL: |  1  2  3 |
---------------+----------+-----
Ranged Weapons | 3 4 |  4.8
Fighting       | 2 |  2.0
Dodging        | |  2.1
Spellcasting   | |  1.0
Hexes          | |  2.0

Action                     |  1- 3 |  4- 6 || total
---------------------------+-------+-------++-------
   Fire: Sling             |   115 |    26 ||   141
    Use: Scroll            |       |     2 ||     2
 Armour: Robe              |    10 |     3 ||    13
  Dodge: Dodged            |    27 |    16 ||    43

Table legend:
 A = Non-vault XP
 B = Vault XP
 C = Vault XP percentage of total XP
 D = Non-vault monster count
 E = Vault monster count
 F = Vault count percentage of total count
                 A         B        C        D         E       F
            +---------+---------+-------+---------+---------+-------
      Total |     122 |       6 |   4.7 |      49 |       6 |  10.9
            +---------+---------+-------+---------+---------+-------
        D:1 |      57 |       0 |   0.0 |      27 |       0 |   0.0
        D:2 |      46 |       6 |  11.5 |      17 |       6 |  26.1
        D:3 |      19 |       0 |   0.0 |       5 |       0 |   0.0
            +---------+---------+-------+---------+---------+-------
